 Dungeon Crawl Stone Soup version 0.24.1-14-gf8d2b509d9 (console) character file.

Game seed: 7428756019623377092, levelgen mode: deterministic

9183 Kagalorn the Fighter (level 11, -11/89 HPs)
             Began as a Gnoll Wanderer on Mar 2, 2021.
             Was a High Priest of Okawaru.
             Hit by a large rock thrown by a cyclops (17 damage)
             ... on level 11 of the Dungeon.
             The game lasted 00:27:02 (12829 turns).

Kagalorn the Fighter (Gnoll Wanderer)              Turns: 12829, Time: 00:27:02

Health: -11/89     AC: 22    Str: 19    XL:     11   Next: 42%
Magic:  20/20      EV: 12    Int: 15    God:    Okawaru [*****.]
Gold:   264        SH: 10    Dex: 13    Spells: 22/22 levels left

rFire    . . .     SeeInvis .   a - +4 broad axe (chop)
rCold    . . .     Gourm    .   y - +0 shield
rNeg     . . .     Faith    .   m - +4 ring mail
rPois    .         Spirit   .   (no helmet)
rElec    .         Reflect  .   (no cloak)
rCorr    .         Harm     .   M - +1 pair of gloves
MR       .....                  J - +1 pair of boots
Stlth    +++.......             E - amulet of rage
HPRegen  0.24/turn              u - +3 ring of protection
MPRegen  0.17/turn              N - +4 ring of protection

@: about to teleport
A: distributed training, fangs 1, strong nose
a: Heroism, Finesse, Renounce Religion, Evoke Berserk Rage


You were on level 11 of the Dungeon.
You worshipped Okawaru.
Okawaru was extremely pleased with you.
You were not hungry.

You visited 1 branch of the dungeon, and saw 11 of its levels.

You collected 453 gold pieces.
You spent 189 gold pieces at shops.

Inventory:

Hand Weapons
 a - a +4 broad axe of chopping (weapon)
 b - a +2 whip of electrocution
Missiles
 d - 3 boomerangs of dispersal
 h - 85 sling bullets
 j - 42 poisoned darts (quivered)
 k - 370 stones
 o - 189 arrows
 w - 83 bolts
 P - 19 boomerangs
Armour
 m - a +4 ring mail (worn)
 y - a +0 shield (worn)
 J - a +1 pair of boots (worn)
 M - a +1 pair of gloves (worn)
Jewellery
 u - a +3 ring of protection (left hand)
 E - an amulet of rage (around neck)
 L - an uncursed ring of ice
 N - a +4 ring of protection (right hand)
Wands
 t - a wand of flame (14)
 A - a wand of iceblast (8)
 H - a wand of polymorph (20)
 O - a wand of acid (11)
Scrolls
 e - 2 scrolls of fear
 g - a scroll of teleportation
 i - a scroll of magic mapping
 x - 2 scrolls of remove curse
 z - 2 scrolls of enchant armour
 C - 2 scrolls of amnesia
 G - a scroll of identify
Potions
 c - 4 potions of curing
 l - a potion of heal wounds
 n - 2 potions of mutation {unknown}
 p - 3 potions of degeneration {unknown}
 q - a potion of flight {unknown}
 r - a potion of lignification
 s - a potion of berserk rage
 v - 2 potions of brilliance
 B - 2 potions of magic
 D - a potion of might {unknown}
 F - 2 potions of haste
 I - a potion of cancellation
Miscellaneous
 K - a box of beasts
Comestibles
 f - 15 rations


   Skills:
 + Level 9.1 Fighting
 + Level 6.1 Short Blades
 + Level 6.1 Long Blades
 + Level 6.1 Axes
 + Level 6.1 Maces & Flails
 + Level 6.1 Polearms
 + Level 6.1 Staves
 + Level 6.1 Slings
 + Level 6.1 Bows
 + Level 6.7 Crossbows
 + Level 6.7 Throwing
 + Level 6.7 Armour
 + Level 6.1 Dodging
 + Level 6.6 Stealth
 + Level 6.1 Shields
 + Level 7.8 Unarmed Combat
 + Level 6.1 Spellcasting
 + Level 5.1 Conjurations
 + Level 5.1 Hexes
 + Level 5.1 Charms
 + Level 5.1 Summonings
 + Level 5.1 Necromancy
 + Level 5.1 Translocations
 + Level 5.1 Transmutations
 + Level 5.1 Fire Magic
 + Level 5.1 Ice Magic
 + Level 5.1 Air Magic
 + Level 5.1 Earth Magic
 + Level 5.1 Poison Magic
 + Level 6.7 Invocations
 + Level 6.7 Evocations


You had 22 spell levels left.
You didn't know any spells.
Your spell library contained the following spells:

 Spells                   Type           Power        Failure   Level  Hunger
 Corona                   Hex            ###....      9%          1    None
 Sting                    Conj/Pois      ###.         9%          1    None
 Ensorcelled Hibernation  Hex/Ice        ###...       13%         2    #......
 Poisonous Vapours        Pois/Air       ###...       13%         2    #......
 Confuse                  Hex            ###.....     26%         3    ##.....
 Dazzling Spray           Conj/Hex       ###...       26%         3    ##.....
 Mephitic Cloud           Conj/Pois/Air  ###.....     26%         3    ##.....
 Tukima's Dance           Hex            ###.....     26%         3    ##.....
 Olgreb's Toxic Radiance  Pois           ###.....     65%         4    ####...
 Venom Bolt               Conj/Pois      ###.......   94%         5    ######.


Dungeon Overview and Level Annotations

Branches:
Dungeon (11/15)            Temple (0/1) D:7
   Lair: D:8-11         Orc: D:9-12

Altars:
Ashenzari
Cheibriados
Gozag
Okawaru
Ru
Sif Muna
Trog
Wu Jian
Xom
The Shining One

Shops:
D:9 (

Portals:
Trove: D:10 (give +4 fire dragon scales)

Annotations:
D:11 Erolcha


Innate Abilities, Weirdness & Mutations

Your experience applies equally to all skills.
You have very sharp teeth.
Your uncanny sense of smell can sniff out nearby items.


Message History

Okawaru is honoured by your kill.
A skeletal warrior comes into view. It is wielding a +0 short sword.
As you read the scroll of teleportation, it crumbles to dust.
You feel strangely unstable.
You feel yourself speed up.
Your surroundings suddenly seem different.
A kobold, a death knight, a cyclops and a skeletal warrior come into view.
As you read the scroll of teleportation, it crumbles to dust.
You feel strangely unstable.
The death knight shouts!
The cyclops shouts!
The kobold shouts!
The kobold wields a +0 hand crossbow.
The kobold shoots a bolt.
You block the bolt.
The cyclops throws a large rock.
The large rock closely misses you.
The death knight mumbles some strange prayers to Yredelemnul against you.
Your body is wracked with pain!
* * * LOW HITPOINT WARNING * * *
You hear a shout! x2
You hear a shout!
The cyclops throws a large rock.
The large rock hits you!
You die...

.......#.##..z...##.#....
........##.#....#.##.....
...#....#.#.#..#.#.#.....
.........#. #..##.#......
...#......##.... #....}.#
.....p....#..... #......#
#z.....#....$ #.......
#C..(.(##....##.......
#....@#.# #.#.....)
#.......#.# .#.#.....
.....K..##.# #.##.....
..##...#. #.. .##.#.... .
#..# # ... ..#.#... #..
........##... #.# .......
.#.. .. ... .. ....#
#####


You could see a death knight, a skeletal warrior, a cyclops and a kobold.

Vanquished Creatures
  A two-headed ogre (D:9)
  An unseen horror (D:10)
  A centaur zombie (D:10)
  A freezing wraith (D:11)
  A troll (D:10)
  8 yaks
  A spriggan (D:7)
  2 basilisks
  A soldier ant (D:11)
  A water moccasin (D:10)
  4 porcupines (D:11)
  4 ice beasts
  An eye of draining (D:10)
  4 orc warriors
  A sky beast (D:7)
  9 ogres
  4 black bears
  2 centaurs
  A phantom (D:8)
  2 crocodiles (D:11)
  A big kobold (D:8)
  Blork the orc (D:4)
  2 gnoll sergeants
  A bullfrog (D:8)
  5 scorpions
  5 wights (D:8)
  4 howler monkeys
  4 bullfrog zombies
  4 crimson imps
  2 quasits
  6 hounds
  6 orc priests
  3 jellies
  2 bullfrog skeletons
  10 orc wizards
  A centaur skeleton (D:8)
  4 iguanas
  A worker ant (D:7)
  7 adders
  14 gnolls
  3 howler monkey skeletons
  2 shadow imps
  An ooze (D:2)
  3 adder skeletons
  2 worms
  5 dart slugs
  9 leopard geckos
  43 orcs
  3 ball pythons
  9 giant cockroaches
  6 goblins
  9 hobgoblins
  4 jackals (D:3)
  7 kobolds
  3 quokkas
  10 bats
  5 frilled lizards
  A leopard gecko skeleton (D:7)
  12 rats
270 creatures vanquished.

Vanquished Creatures (others)
  2 fungi (D:11)
  6 plants (D:11)
8 creatures vanquished.

Grand Total: 278 creatures vanquished

Notes
Turn   | Place    | Note
-------+----------+-------------------------------------------
     0 | D:1      | Kagalorn the Gnoll Wanderer began the quest for the Orb.
     0 | D:1      | Kagalorn set off with the following items: a +0 club, a
                  | potion of berserk rage, 2 potions of curing, a +0 robe, a
                  | scroll of fear, a ration
     0 | D:1      | Reached XP level 1. HP: 23/23 MP: 2/2
    88 | D:1      | Reached XP level 2. HP: 15/29 MP: 3/3
   529 | D:1      | Reached XP level 3. HP: 26/35 MP: 4/4
   925 | D:2      | Reached skill level 1 in Invocations
   944 | D:2      | Found a shimmering blue altar of Sif Muna.
   995 | D:1      | Reached skill level 1 in Short Blades
   995 | D:1      | Reached skill level 1 in Long Blades
   995 | D:1      | Reached skill level 1 in Axes
   995 | D:1      | Reached skill level 1 in Maces & Flails
   995 | D:1      | Reached skill level 1 in Polearms
   995 | D:1      | Reached skill level 1 in Staves
   995 | D:1      | Reached skill level 1 in Slings
   995 | D:1      | Reached skill level 1 in Bows
   995 | D:1      | Reached skill level 1 in Dodging
   995 | D:1      | Reached skill level 1 in Shields
   995 | D:1      | Reached skill level 1 in Spellcasting
  1017 | D:2      | Reached XP level 4. HP: 27/41 MP: 6/6
  1324 | D:2      | Reached skill level 1 in Conjurations
  1324 | D:2      | Reached skill level 1 in Hexes
  1324 | D:2      | Reached skill level 1 in Charms
  1324 | D:2      | Reached skill level 1 in Summonings
  1324 | D:2      | Reached skill level 1 in Necromancy
  1324 | D:2      | Reached skill level 1 in Translocations
  1324 | D:2      | Reached skill level 1 in Transmutations
  1324 | D:2      | Reached skill level 1 in Fire Magic
  1324 | D:2      | Reached skill level 1 in Ice Magic
  1324 | D:2      | Reached skill level 1 in Air Magic
  1324 | D:2      | Reached skill level 1 in Earth Magic
  1324 | D:2      | Reached skill level 1 in Poison Magic
  1579 | D:2      | Found a glowing golden altar of the Shining One.
  1582 | D:2      | Found an iron altar of Okawaru.
  1585 | D:2      | Found a bloodstained altar of Trog.
  1586 | D:2      | Found a snail-covered altar of Cheibriados.
  1621 | D:2      | Became a worshipper of Warmaster Okawaru
  1786 | D:3      | Found an opulent altar of Gozag.
  1828 | D:3      | Reached XP level 5. HP: 40/47 MP: 7/7
  2577 | D:4      | Noticed Blork the orc
  2586 | D:4      | Killed Blork the orc
  2586 | D:4      | Reached XP level 6. HP: 15/53 MP: 8/8
  2944 | D:4      | Reached skill level 5 in Unarmed Combat
  3121 | D:4      | Got a distressingly furry ring mail
  3199 | D:4      | Reached XP level 7. HP: 12/59 MP: 10/10
  3762 | D:5      | Entered Level 5 of the Dungeon
  3762 | D:5      | Found a snail-covered altar of Cheibriados.
  3777 | D:5      | Reached skill level 7 in Fighting
  4121 | D:5      | Reached * piety under Okawaru
  5210 | D:6      | Reached XP level 8. HP: 22/67 MP: 12/12
  5666 | D:6      | Found a shimmering altar of Xom.
  5847 | D:6      | Found a sacrificial altar of Ru.
  6734 | D:7      | Found a staircase to the Ecumenical Temple.
  6830 | D:7      | Identified the cursed +1 ring mail of the Villain {Str-3
                  | Int+4 Dex+5} (You found it on level 4 of the Dungeon)
  6919 | D:7      | Noticed a spriggan baker
  6926 | D:7      | Killed a spriggan baker
  6926 | D:7      | Reached ** piety under Okawaru
  7083 | D:7      | Reached XP level 9. HP: 43/72 MP: 12/14
  7304 | D:7      | Found an ornate altar of the Wu Jian Council.
  8178 | D:8      | Reached skill level 5 in Crossbows
  8178 | D:8      | Reached skill level 5 in Throwing
  8178 | D:8      | Reached skill level 5 in Armour
  8178 | D:8      | Reached skill level 5 in Evocations
  8290 | D:8      | Reached skill level 5 in Stealth
  8424 | D:8      | Reached *** piety under Okawaru
  8443 | D:8      | Reached skill level 8 in Fighting
  8573 | D:8      | Reached skill level 5 in Invocations
  8912 | D:8      | Found a shattered altar of Ashenzari.
  9003 | D:9      | Found Akken's Antique Weapon Shop.
  9012 | D:9      | Bought a runed broad axe for 189 gold pieces
  9038 | D:9      | Got a polished ring mail
  9064 | D:9      | Noticed a two-headed ogre
  9073 | D:9      | Killed a two-headed ogre
  9073 | D:9      | Reached **** piety under Okawaru
  9073 | D:9      | Reached XP level 10. HP: 59/80 MP: 17/17
  9186 | D:9      | Reached skill level 5 in Short Blades
  9186 | D:9      | Reached skill level 5 in Long Blades
  9186 | D:9      | Reached skill level 5 in Axes
  9186 | D:9      | Reached skill level 5 in Maces & Flails
  9186 | D:9      | Reached skill level 5 in Polearms
  9186 | D:9      | Reached skill level 5 in Staves
  9186 | D:9      | Reached skill level 5 in Slings
  9186 | D:9      | Reached skill level 5 in Bows
  9186 | D:9      | Reached skill level 5 in Dodging
  9186 | D:9      | Reached skill level 5 in Shields
  9186 | D:9      | Reached skill level 5 in Spellcasting
  9265 | D:9      | Received a gift from Okawaru
  9537 | D:10     | Entered Level 10 of the Dungeon
  9770 | D:10     | Found a portal to a secret trove of treasure.
  9771 | D:10     | Identified the +1 ring mail of the Pits of Slime {MR+} (You
                  | found it on level 9 of the Dungeon)
 10204 | D:10     | HP: 2/82 [orc wizard/puff of flame (11)]
 10670 | D:10     | Killed an unseen horror
 11380 | D:11     | Received a gift from Okawaru
 11433 | D:11     | Reached XP level 11. HP: 66/87 MP: 19/19
 11879 | D:10     | Reached skill level 9 in Fighting
 12141 | D:10     | Reached skill level 5 in Conjurations
 12141 | D:10     | Reached skill level 5 in Hexes
 12141 | D:10     | Reached skill level 5 in Charms
 12141 | D:10     | Reached skill level 5 in Summonings
 12141 | D:10     | Reached skill level 5 in Necromancy
 12141 | D:10     | Reached skill level 5 in Translocations
 12141 | D:10     | Reached skill level 5 in Transmutations
 12141 | D:10     | Reached skill level 5 in Fire Magic
 12141 | D:10     | Reached skill level 5 in Ice Magic
 12141 | D:10     | Reached skill level 5 in Air Magic
 12141 | D:10     | Reached skill level 5 in Earth Magic
 12141 | D:10     | Reached skill level 5 in Poison Magic
 12380 | D:11     | Reached ***** piety under Okawaru
 12398 | D:11     | Received a gift from Okawaru
 12469 | D:11     | Noticed Erolcha
 12823 | D:11     | Noticed a skeletal warrior
 12828 | D:11     | Noticed a death knight
 12828 | D:11     | Noticed a skeletal warrior
 12828 | D:11     | Noticed a cyclops
 12829 | D:11     | Hit by a large rock thrown by a cyclops

Levels and vault maps discovered:
D:1:      erik_arrival_blinker_ship, layout_basic, minmay_hexomino_c4
D:2:      layout_basic, grunt_temple_overflow_open
D:3:      layout_rooms, nicolae_overflow_hidden_temple, first_ration,
          minmay_distorted
D:4:      minmay_diamond_boxcup, layout_cave_pools, grunt_ministairs_14,
          kennysheep_opposing_triangles, uniq_blork_the_orc
D:5:      layout_basic, cheibriados_altar_1
D:6:      layout_basic, nicolae_ru_awakened_eye, minmay_misc_feat_x, tgw_xom
D:7:      layout_loops_ring, marbit_many_paths,
          minmay_temple_entry_proselytizer, the_bakery, nicolae_water_bricks
D:8:      layout_basic, cheibrodos_ashenzari_chains, roderic_serpentine_path,
          st_stairs_7
D:9:      layout_roguey, serial_shops, shop
D:10:     layout_stronghold, nicolae_trove_entry_crossroad
D:11:     layout_basic, minmay_lair_entry_grove, minmay_misc_feat_secret_circle,
          uniq_erolcha

Skill      XL: |  1  2  3  4  5  6  7  8  9 10 11 |
---------------+----------------------------------+-----
Invocations    | 1 2 3 4 5 6 |  6.7
Short Blades   | 1 2 3 4 5 6 |  6.1
Long Blades    | 1 2 3 4 5 6 |  6.1
Axes           | 1 2 3 4 5 6 |  6.1
Maces & Flails | 1 2 3 4 5 6 |  6.1
Polearms       | 1 2 3 4 5 6 |  6.1
Staves         | 1 2 3 4 5 6 |  6.1
Slings         | 1 2 3 4 5 6 |  6.1
Bows           | 1 2 3 4 5 6 |  6.1
Dodging        | 1 2 3 4 5 6 |  6.1
Shields        | 1 2 3 4 5 6 |  6.1
Spellcasting   | 1 2 3 4 5 6 |  6.1
Conjurations   | 1 2 3 4 5 |  5.1
Hexes          | 1 2 3 4 5 |  5.1
Charms         | 1 2 3 4 5 |  5.1
Summonings     | 1 2 3 4 5 |  5.1
Necromancy     | 1 2 3 4 5 |  5.1
Translocations | 1 2 3 4 5 |  5.1
Transmutations | 1 2 3 4 5 |  5.1
Fire Magic     | 1 2 3 4 5 |  5.1
Ice Magic      | 1 2 3 4 5 |  5.1
Air Magic      | 1 2 3 4 5 |  5.1
Earth Magic    | 1 2 3 4 5 |  5.1
Poison Magic   | 1 2 3 4 5 |  5.1
Crossbows      | 3 4 5 6 |  6.7
Throwing       | 3 4 5 6 |  6.7
Armour         | 3 4 5 6 |  6.7
Evocations     | 3 4 5 6 |  6.7
Stealth        | 3 4 5 6 |  6.6
Unarmed Combat | 5 6 7 |  7.8
Fighting       | 7 8 9 |  9.1

Action                   |  1- 3 |  4- 6 |  7- 9 | 10-12 || total
-------------------------+-------+-------+-------+-------++-------
Melee: Unarmed           |    47 |       |       |       ||    47
       Bite              |    12 |    19 |    50 |    39 ||   120
       Short sword       |    67 |    18 |       |       ||    85
       Punch             |     3 |       |     7 |       ||    10
       Halberd           |       |   134 |       |       ||   134
       Battleaxe         |       |    18 |    72 |       ||    90
       Hand axe          |       |       |    92 |       ||    92
       Whip              |       |       |   310 |       ||   310
       Broad axe         |       |       |    10 |   316 ||   326
Invok: Heroism           |       |       |     2 |     2 ||     4
Evoke: Wand              |       |       |       |     1 ||     1
  Use: Scroll            |       |       |    14 |     7 ||    21
       Potion            |       |       |       |     1 ||     1
 Stab: Sleeping          |     2 |       |     2 |     1 ||     5
       Distracted        |     1 |       |       |       ||     1
  Eat: Chunk             |       |     5 |     9 |     5 ||    19
       Ration            |       |     1 |     3 |     2 ||     6
Armor: Robe              |    16 |       |       |       ||    16
       Ring mail         |     9 |    10 |    26 |   197 ||   242
       Chain mail        |       |   103 |   208 |       ||   311
       Skin              |       |       |     2 |       ||     2
Dodge: Dodged            |    69 |    65 |   238 |   173 ||   545
Block: Buckler           |       |       |    18 |    20 ||    38
       Shield            |       |       |       |   124 ||   124
